 Dungeon Crawl Stone Soup version 0.19.0-19-g8c6edcc (webtiles) character file.

47520 Haldmier the Nimble (level 14, -1/99 HPs)
             Began as a High Elf Skald on Nov 12, 2016.
             Was a High Priest of Ashenzari.
             Slain by a white ugly thing (27 damage)
             ... on level 11 of the Dungeon on Nov 13, 2016.
             The game lasted 03:32:48 (23894 turns).

Haldmier the Nimble (High Elf Skald)               Turns: 23894, Time: 03:32:50

Health: -1/99      AC: 10    Str: 15    XL:     14   Next: 8%
Magic:  18/24      EV: 22    Int: 27    God:    Ashenzari [*****.]
Gold:   1060       SH:  6    Dex: 18    Spells: 8 memorised, 8 levels left

rFire  + . .     SeeInvis +     c - +0 falchion of the Six Moons {flame, Int+6} (curse)
rCold  . . .     Gourm    .     X - +0 troll leather armour
rNeg   + . .     Faith    .     x - +0 buckler (curse)
rPois  +         Spirit   .     y - +2 hat of Apathy {+Inv rElec Int+3 Dex+3}
rElec  +         Reflect  .     P - +0 cloak
rCorr  .         Harm     .     s - +0 pair of gloves
MR     +....     Clarity  +     H - +0 pair of boots
Stlth  ++........               J - amulet of magic regeneration
                                a - ring "Duty" {+Inv rPois rN+} (curse)
                                h - ring of protection from fire

@: shrouded, regenerating
A: no striking features
a: Curse Item, Scrying, Transfer Knowledge, Renounce Religion, Evoke
Invisibility


You were on level 11 of the Dungeon.
You worshipped Ashenzari.
Ashenzari was extremely pleased with you.
You were not hungry.

You visited 4 branches of the dungeon, and saw 20 of its levels.

You collected 1842 gold pieces.
You spent 782 gold pieces at shops.

Inventory:

Hand Weapons
 c - the cursed +0 falchion of the Six Moons (weapon) {flame, Int+6}
   (You found it on level 7 of the Dungeon)

   It has been specially enchanted to burn those struck by it, causing extra
   injury to most foes and up to half again as much damage against particularly
   susceptible opponents.
   Big, fiery blades are also staple armaments of hydra-hunters.
   It affects your intelligence (+6).
   It has a curse placed upon it.
Missiles
 B - 16 javelins (quivered)
 O - 3 throwing nets
 Z - 16 tomahawks
Armour
 n - a +0 robe of magic resistance
 s - a +0 pair of gloves (worn)
 x - a cursed +0 buckler (worn)
 y - the +2 hat of Apathy (worn) {+Inv rElec Int+3 Dex+3}
   (You found it on level 11 of the Dungeon)

   It affects your intelligence (+3).
   It affects your dexterity (+3).
   It insulates you from electricity.
   It lets you turn invisible.
 H - a +0 pair of boots (worn)
 P - a +0 cloak (worn)
 X - a +0 troll leather armour (worn)
Jewellery
 a - the cursed ring "Duty" (right hand) {+Inv rPois rN+}
   (You bought it in a shop on level 5 of the Dungeon)

   [ring of poison resistance]

   It protects you from poison.
   It protects you from negative energy.
   It lets you turn invisible.
   It has a curse placed upon it.
 h - a ring of protection from fire (left hand)
 j - an uncursed ring of protection from cold
 J - an amulet of magic regeneration (around neck)
Wands
 b - a wand of iceblast (1/15)
 q - a wand of flame (36/48)
 t - a wand of paralysis (14/24)
 u - a wand of flame (22/48)
 E - a wand of slowing (35/48)
 T - a wand of digging (6/24)
Scrolls
 g - a scroll of amnesia
 v - 5 scrolls of magic mapping
 w - 2 scrolls of identify
 D - 3 scrolls of remove curse
 R - 6 scrolls of teleportation
 W - a scroll of fear
Potions
 l - 4 potions of agility
 p - a potion of invisibility
 r - 9 potions of curing
 A - 2 potions of flight
 C - 4 potions of haste
 G - 5 potions of heal wounds
 M - 2 potions of cancellation
 S - 2 potions of resistance
Books
 e - a book of Enchantments

   Spells                             Type                      Level
   a - Cause Fear                     Hexes                        4
   b - Yara's Violent Unravelling     Hexes/Transmutation          5
   c - Silence                        Hexes/Air                    5
   d - Deflect Missiles               Charms/Air                   6
   e - Discord                        Hexes                        8
Miscellaneous
 U - 2 boxes of beasts
 Y - a sack of spiders
Comestibles
 d - 17 bread rations
 f - a royal jelly
 i - 7 meat rations
 k - 12 fruits
 m - 10 beef jerkies
 z - a slice of pizza
 F - 2 chunks of flesh


   Skills:
 + Level 10.9 Fighting
 - Level 12.0(15.6) Long Blades
 + Level 3.2 Armour
 - Level 13.0 Dodging
 - Level 3.0 Stealth
 - Level 4.0(6.5) Shields
 - Level 6.5 Spellcasting
 - Level 5.5 Conjurations
 + Level 6.6 Hexes
 - Level 10.0 Charms
 - Level 2.0 Necromancy
 - Level 3.0 Translocations
 - Level 3.5 Fire Magic
 - Level 2.0 Air Magic
 - Level 5.0 Evocations


You had 8 spell levels left.
You knew the following spells:

 Your Spells              Type           Power        Failure   Level  Hunger
a - Infusion              Chrm           ####         1%          1    None
b - Shroud of Golubria    Chrm/Tloc      #####.....   1%          2    None
c - Spectral Weapon       Hex/Chrm       ######..     1%          3    None
d - Regeneration          Chrm/Necr      #####.....   1%          3    None
e - Song of Slaying       Chrm           ######..     1%          2    None
f - Blink                 Tloc           N/A          3%          2    None
g - Conjure Flame         Conj/Fire      ####....     3%          3    None
h - Swiftness             Chrm/Air       #####...     1%          2    None


Dungeon Overview and Level Annotations

Branches:
Dungeon (11/15)            Temple (1/1) D:5            Lair (6/6) D:10
 Shoals (0/4) Lair:3       Spider (0/4) Lair:4        Slime (0/5) Lair:6
    Orc (2/2) D:9             Elf (0/3) Orc:2

Altars:
Ashenzari
Cheibriados
Dithmenos
Elyvilon
Fedhas
Gozag
Hepliaklqana
Kikubaaqudgha
Makhleb
Nemelex Xobeh
Okawaru
Qazlal
Ru
Sif Muna
Trog
Uskayaw
Vehumet
Xom
Yredelemnul
Zin
The Shining One
Jiyva

Shops:
D:5 ?=(*   D:10 [   Orc:2 }


Message History

Your spectral weapon hits the white ugly thing!
Your spectral weapon burns the white ugly thing.
You closely miss the white ugly thing.
The white ugly thing is heavily wounded.
Your spectral weapon hits the white ugly thing.
Your spectral weapon burns the white ugly thing.
The white ugly thing barely misses your spectral weapon.
You hit the white ugly thing but do no damage.
The white ugly thing is heavily wounded.
Your spectral weapon hits the white ugly thing.
Your spectral weapon burns the white ugly thing.
The white ugly thing tentacle-slaps you!
The white ugly thing freezes you!!
Casting: Spectral Weapon
Confirm with . or Enter, or press ? or * to list all spells.
Your skin crawls.
The white ugly thing tentacle-slaps you!
* * * LOW HITPOINT WARNING * * *
The white ugly thing freezes you!!
You die...

#.#
#.........##########
#.# ########### #.#
#.# #.# ###########
#.# #.........####** *
#.#####..[..........
,,,
#............(....<.,,
,,
#...........@u...... ,
*
#...................,
*
#...................,,
,,
#...................,
, #...................
,,
#...................
,,, *
#...................
,,
#................... ,
############# * * *
***


You could see a white ugly thing and a friendly spectral falchion of the Six
Moons {flame, Int+6}.

Vanquished Creatures
  Gastronok (D:10)
  2 hydras
  Josephine (D:10)
  The ghost of Zebulonius the Severer, a journeyman MiBe of Trog (Lair:1)
  2 catoblepae (Lair:6)
  6 death yaks (Lair:6)
  A deep troll shaman (Lair:6)
  The ghost of Melicamp the Grappler, a novice TrTm of Cheibriados (D:8)
  Nergalle (D:10)
  The ghost of Haldmier the Slicer, a novice HESk of Ashenzari (D:9)
  2 unseen horrors (D:10)
  2 fire crabs (Lair:6)
  A hill giant (D:8)
  An oklob plant (Lair:6)
  A cyclops (D:11)
  7 elephants
  2 black mambas
  9 spiny frogs
  A guardian serpent (D:10)
  A gargoyle (D:10)
  A rime drake (Lair:4)
  2 komodo dragons
  A queen bee (D:9)
  A polar bear (Lair:6)
  A troll (D:10)
  5 dream sheep (Lair:6)
  17 blink frogs
  8 hippogriffs
  27 yaks
  A wyvern (D:8)
  5 wraiths
  2 basilisks (Lair:6)
  Eustachio (D:6)
  A mottled dragon (D:11)
  A chaos spawn (Orc:2)
  A warg (Orc:1)
  Menkaure (D:6)
  9 water moccasins
  7 porcupines
  3 sky beasts
  9 orc warriors
  3 ice beasts
  4 phantoms
  A black bear (Lair:6)
  2 eyes of draining (D:11)
  A necrophage (D:7)
  27 wolves
  13 ogres
  4 centaurs
  9 crocodiles
  4 big kobolds
  3 gnoll sergeants
  Blork the orc (D:6)
  17 bullfrogs
  2 scorpions
  11 wights
  31 killer bees
  A howler monkey (D:4)
  An electric eel (D:9)
  4 crimson imps
  A centaur zombie (D:11)
  A quasit (D:8)
  6 orc priests
  7 hounds
  3 jellies (D:9)
  6 orc wizards
  3 bullfrog skeletons
  3 centaur skeletons
  Terence (D:2)
  Jessica (D:2)
  11 worker ants
  3 iguanas
  A hell rat (D:10)
  A killer bee zombie (D:8)
  2 hound zombies
  A hound skeleton (D:9)
  A worker ant zombie (D:11)
  Robin (D:2)
  15 gnolls
  16 adders
  A river rat (D:10)
  4 shadow imps
  2 adder zombies (D:9)
  7 worms
  A dart slug (D:3)
  5 leopard geckos
  31 orcs
  3 giant cockroaches
  13 hobgoblins
  8 jackals
  28 kobolds
  6 quokkas
  6 bats
  7 frilled lizards
  20 goblins
  10 rats
  3 fungi
526 creatures vanquished.

Vanquished Creatures (others)
  A kobold (D:10)
  11 fungi
  3 plants
  20 spectral weapons
35 creatures vanquished.

Grand Total: 561 creatures vanquished

Notes
Turn   | Place    | Note
-------+----------+-------------------------------------------
     0 | D:1      | Haldmier the High Elf Skald began the quest for the Orb.
     0 | D:1      | Reached XP level 1. HP: 14/14 MP: 4/4
   270 | D:1      | Reached XP level 2. HP: 18/19 MP: 1/6
   277 | D:1      | Learned a level 2 spell: Shroud of Golubria
  1226 | D:2      | Noticed Jessica
  1238 | D:2      | Reached skill level 1 in Translocations
  1238 | D:2      | Reached XP level 3. HP: 10/24 MP: 3/7
  1242 | D:2      | Killed Jessica
  1565 | D:2      | Noticed Robin
  1575 | D:2      | Killed Robin
  1575 | D:2      | Reached XP level 4. HP: 27/29 MP: 2/8
  1809 | D:2      | Noticed Terence
  1843 | D:2      | Killed Terence
  2060 | D:2      | Found a burning altar of Makhleb.
  2062 | D:2      | Found a shattered altar of Ashenzari.
  2062 | D:2      | Found a bloodstained altar of Trog.
  2063 | D:2      | Found a stormy altar of Qazlal.
  2065 | D:2      | Found an ancient bone altar of Kikubaaqudgha.
  2066 | D:2      | Found a shimmering altar of Xom.
  2070 | D:2      | Became a worshipper of Ashenzari the Shackled
  2119 | D:2      | Reached skill level 5 in Long Blades
  2135 | D:2      | Learned a level 3 spell: Spectral Weapon
  2500 | D:2      | Reached XP level 5. HP: 34/34 MP: 2/9
  3670 | D:4      | Learned a level 3 spell: Regeneration
  3706 | D:4      | Reached skill level 1 in Hexes
  3713 | D:4      | Noticed a phantom
  4280 | D:3      | Reached XP level 6. HP: 37/39 MP: 4/10
  4539 | D:3      | Reached skill level 1 in Necromancy
  4822 | D:4      | Reached skill level 5 in Charms
  5020 | D:4      | Reached XP level 7. HP: 45/45 MP: 4/11
  5035 | D:4      | You fall through a shaft for 3 floors!
  5035 | D:7      | Found a glowing silver altar of Zin.
  5035 | D:7      | Found an opulent altar of Gozag.
  5168 | D:6      | Reached skill level 1 in Evocations
  5204 | D:6      | Reached skill level 1 in Stealth
  5204 | D:6      | Reached skill level 1 in Shields
  5637 | D:5      | Entered Level 5 of the Dungeon
  5768 | D:5      | Found Leykeligh's Weapon Emporium.
  6164 | D:5      | Reached XP level 8. HP: 43/50 MP: 12/12
  6167 | D:5      | Found Ibureceh's Magic Scroll Emporium.
  6258 | D:5      | Found Paeddaca's Jewellery Boutique.
  6262 | D:5      | Found Ciluda's Antique Weapon Emporium.
  6295 | D:5      | Found a sparkling altar of Nemelex Xobeh.
  6590 | D:5      | Found a staircase to the Ecumenical Temple.
  6624 | D:5      | Found Careocw's General Store.
  6870 | D:5      | Found a faded altar of an unknown god.
  6870 | D:5      | Found a basalt altar of Yredelemnul.
  6883 | D:5      | Found a faded altar of an unknown god.
  6885 | D:5      | Found a faded altar of an unknown god.
  6888 | D:5      | Found a faded altar of an unknown god.
  7343 | Temple   | Entered the Ecumenical Temple
  7427 | Temple   | Learned a level 2 spell: Song of Slaying
  7631 | D:6      | Reached * piety under Ashenzari
  7685 | D:6      | Found a sacrificial altar of Ru.
  7748 | D:6      | Noticed Menkaure
  7751 | D:6      | Killed Menkaure
  7800 | D:6      | Noticed Eustachio
  7844 | D:6      | Killed Eustachio
  7849 | D:6      | Noticed Blork the orc
  7855 | D:6      | Killed Blork the orc
  7855 | D:6      | Reached XP level 9. HP: 46/54 MP: 0/13
  8335 | D:7      | Reached skill level 2 in Dodging
  8616 | D:7      | Got the falchion of the Six Moons {flame, Int+6}
  8629 | D:7      | Identified the +0 falchion of the Six Moons {flame, Int+6} (You found it on level 7 of the Dungeon)
  8643 | D:7      | Found a burning altar of Makhleb.
  8645 | D:7      | Noticed a balrug
  8700 | D:7      | Learned a level 2 spell: Blink
  9189 | D:8      | Noticed Melicamp's ghost (novice TrTm)
  9444 | D:8      | Reached skill level 3 in Dodging
  9588 | D:8      | Learned a level 3 spell: Conjure Flame
  9909 | D:7      | Reached skill level 5 in Evocations
  9912 | D:7      | Reached skill level 1 in Conjurations
 10178 | D:8      | Reached skill level 1 in Fire Magic
 10218 | D:8      | Noticed a hill giant
 10257 | D:8      | Reached skill level 4 in Dodging
 10266 | D:8      | Killed a hill giant
 10266 | D:8      | Reached skill level 10 in Long Blades
 10266 | D:8      | Reached XP level 10. HP: 29/60 MP: 4/17
 10739 | D:8      | Killed Melicamp's ghost
 10739 | D:8      | Reached skill level 5 in Dodging
 10999 | D:9      | Noticed Haldmier's ghost (novice HESk)
 11023 | D:9      | Killed Haldmier's ghost
 11378 | D:9      | Reached skill level 6 in Dodging
 11384 | D:9      | Found a staircase to the Orcish Mines.
 12440 | Orc:1    | Entered Level 1 of the Orcish Mines
 12682 | Orc:1    | Reached XP level 11. HP: 20/64 MP: 14/18
 12718 | Orc:1    | Reached ** piety under Ashenzari
 12816 | Orc:2    | Entered Level 2 of the Orcish Mines
 12818 | Orc:2    | Found Fos Quag's Quality Used Wands.
 12845 | Orc:2    | Reached skill level 5 in Conjurations
 12868 | Orc:2    | Found a staircase to the Elven Halls.
 12870 | Orc:2    | Noticed an orc knight
 13156 | Orc:2    | Noticed an orc knight
 13475 | D:5      | Bought the ring "Duty" {+Inv rPois rN+} for 534 gold pieces
 13483 | D:5      | Learned a level 2 spell: Swiftness
 13514 | D:5      | Bought a scroll of identify for 22 gold pieces
 13514 | D:5      | Bought a scroll of identify for 22 gold pieces
 13612 | D:5      | Bought a scroll of identify for 24 gold pieces
 13612 | D:5      | Bought a potion of heal wounds for 60 gold pieces
 13612 | D:5      | Bought a potion of haste for 120 gold pieces
 13790 | D:10     | Entered Level 10 of the Dungeon
 13852 | D:10     | Reached skill level 7 in Dodging
 13852 | D:10     | Reached skill level 1 in Air Magic
 14083 | D:10     | Noticed Gastronok
 14112 | D:10     | Noticed Josephine
 14542 | D:10     | Killed Josephine
 14588 | D:10     | Found a staircase to the Lair.
 14618 | D:10     | Found Vikel's Armour Boutique.
 14648 | Lair:1   | Entered Level 1 of the Lair of Beasts
 14771 | Lair:1   | Reached skill level 8 in Dodging
 14844 | Lair:1   | Noticed Zebulonius's ghost (journeyman MiBe)
 15067 | Lair:2   | Reached skill level 5 in Fighting
 15190 | Lair:2   | Reached skill level 9 in Dodging
 15604 | Lair:2   | Reached *** piety under Ashenzari
 16186 | Lair:1   | Reached XP level 12. HP: 75/80 MP: 17/19
 16560 | Lair:1   | Killed Zebulonius's ghost
 16560 | Lair:1   | Reached skill level 10 in Dodging
 16847 | Lair:3   | Identified the +10 hunting sling "Hiexkous" {venom, -Tele rElec rPois MP+9}
 17016 | Lair:3   | Found a staircase to the Shoals.
 17617 | Lair:3   | Reached **** piety under Ashenzari
 17720 | Lair:3   | Reached skill level 11 in Dodging
 17720 | Lair:3   | Reached skill level 5 in Spellcasting
 17802 | Lair:4   | Noticed a five-headed hydra
 17814 | Lair:4   | Killed a two-headed hydra
 17886 | Lair:4   | Found a hole to the Spider Nest.
 19406 | Lair:5   | Reached XP level 13. HP: 82/90 MP: 23/23
 19509 | Lair:6   | Entered Level 6 of the Lair of Beasts
 19884 | Lair:6   | Reached skill level 12 in Dodging
 19976 | Lair:6   | Found a staircase to the Slime Pits.
 19976 | Lair:6   | Found a viscous altar of Jiyva.
 20115 | Lair:6   | Reached ***** piety under Ashenzari
 20957 | Lair:6   | Reached skill level 5 in Hexes
 20975 | Lair:6   | Reached skill level 10 in Fighting
 22205 | D:10     | Reached skill level 1 in Armour
 22487 | D:10     | Noticed Nergalle
 22502 | D:10     | Killed Nergalle
 22502 | D:10     | Reached skill level 10 in Charms
 22727 | D:10     | Killed Gastronok
 22727 | D:10     | Reached skill level 13 in Dodging
 22926 | D:9      | Reached XP level 14. HP: 99/99 MP: 16/24
 23871 | D:11     | Got the uncursed hat of Apathy {+Inv rElec Int+3 Dex+3}
 23882 | D:11     | Identified the +2 hat of Apathy {+Inv rElec Int+3 Dex+3} (You found it on level 11 of the Dungeon)
 23894 | D:11     | Slain by a white ugly thing

Skill      XL: |  1  2  3  4  5  6  7  8  9 10 11 12 13 14 |
---------------+-------------------------------------------+-----
Long Blades    | 3 4 5 6 7 10 11 12 | 12.0
Translocations | 1 2 3 |  3.0
Hexes          | 1 2 3 6 |  6.6
Charms         | 4 5 7 8 10 | 10.0
Necromancy     | 1 2 |  2.0
Evocations     | 1 3 5 |  5.0
Stealth        | 2 3 |  3.0
Shields        | 2 3 4 |  4.0
Dodging        | 4 6 9 11 13 | 13.0
Spellcasting   | 4 6 |  6.5
Conjurations   | 1 4 5 |  5.5
Fire Magic     | 1 3 |  3.5
Air Magic      | 2 |  2.0
Fighting       | 6 9 10 | 10.9
Armour         | 2 3 |  3.2

Action                   |  1- 3 |  4- 6 |  7- 9 | 10-12 | 13-15 || total
-------------------------+-------+-------+-------+-------+-------++-------
Melee: Falchion          |    59 |   162 |   185 |  1269 |   679 ||  2354
       Short sword       |       |   112 |   231 |       |       ||   343
 Fire: Blowgun           |       |     2 |       |       |       ||     2
Throw: Stone             |       |     1 |       |       |       ||     1
       Javelin           |       |     4 |     5 |     4 |     3 ||    16
 Cast: Infusion          |    13 |    20 |    17 |     7 |     2 ||    59
       Shroud of Golubri |     1 |    28 |    41 |   109 |    42 ||   221
       Spectral Weapon   |       |     3 |    23 |    91 |    36 ||   153
       Regeneration      |       |       |     9 |    77 |    44 ||   130
       Blink             |       |       |     2 |     9 |    14 ||    25
       Conjure Flame     |       |       |     1 |    10 |    19 ||    30
Invok: Curse Item        |       |       |     2 |     1 |       ||     3
 Abil: Evoke Invisibilit |       |       |       |     1 |     1 ||     2
Evoke: Wand              |       |       |       |     9 |    27 ||    36
  Use: Scroll            |       |     7 |     1 |    18 |     4 ||    30
       Potion            |       |       |       |     2 |     2 ||     4
 Stab: Sleeping          |     1 |     1 |     9 |     7 |     2 ||    20
       Distracted        |       |     1 |     3 |    20 |    14 ||    38
       Invisible         |       |       |       |     1 |       ||     1
  Eat: Chunk             |     2 |    13 |    21 |    40 |    14 ||    90
       Beef jerky        |       |       |     1 |     2 |       ||     3
       Fruit             |       |       |       |     1 |     1 ||     2
       Pizza             |       |       |       |       |     2 ||     2
Armor: Leather armour    |    15 |     3 |       |       |       ||    18
       Animal skin       |       |    53 |    73 |    90 |    25 ||   241
       Troll leather arm |       |       |       |       |    44 ||    44
Dodge: Dodged            |    31 |   125 |   173 |   612 |   366 ||  1307
Block: Buckler           |       |       |    85 |   221 |   112 ||   418
       Rpst.: Falchion   |    10 |    26 |    47 |   173 |   106 ||   362
